IL
SALT LAKE BEES @ DURHAM BULLS
07/04/2048
 
TOP OF THE 1ST
Salt Lake Bees batting - Pitching for Durham Bulls : RHP Dave Navarro
Pitching: RHP Dave Navarro
Batting: LHB Justin Alexander 0-0: Called Strike
0-1: Ball
1-1: Foul Ball, location: 2F
1-2: Strikes out swinging
Batting: SHB Butch Brown 0-0: Ball
1-0: Called Strike
1-1: Swinging Strike
1-2: Strikes out swinging
Batting: RHB Ryan Munro 0-0: Fly out, F8 (Flyball, 8RD, EV 83.8 MPH)
Top of the 1st over - 0 runs, 0 hits, 0 errors, 0 left on base; Salt Lake 0 - Durham 0
BOTTOM OF THE 1ST
Durham Bulls batting - Pitching for Salt Lake Bees : RHP Jared Pollard
Pitching: RHP Jared Pollard
Batting: RHB Jonathan Fraire 0-0: Called Strike
0-1: Fly out, F8 (Flyball, 8LD, EV 78.8 MPH)
Batting: SHB Joey Pacheco 0-0: Ground out 5-3 (Groundball, 56, EV 108.1 MPH)
Batting: LHB Davion Lewis 0-0: SINGLE (Flyball, 5D, EV 90.6 MPH)
Batting: RHB David Ward 0-0: Ball
1-0: Ball
2-0: Foul Ball, location: 2F
2-1: Foul Ball, location: 2F
2-2: Ball
3-2: Ground out 4-3 (Groundball, 34, EV 108.1 MPH)
Bottom of the 1st over - 0 runs, 1 hit, 0 errors, 1 left on base; Salt Lake 0 - Durham 0
TOP OF THE 2ND
Salt Lake Bees batting - Pitching for Durham Bulls : RHP Dave Navarro
Batting: LHB Jonathon Walton 0-0: Ball
1-0: Foul Ball, location: 2F
1-1: Foul Ball, location: 2F
1-2: Foul Ball, location: 2F
1-2: SINGLE (Line Drive, 8RS, EV 100.0 MPH)
Batting: LHB Brett Bugge 0-0: Fly out, F2 (Popup, 25F, EV 84.4 MPH)
Batting: RHB Jeff Long 0-0: Called Strike
0-1: Called Strike
Jonathon Walton steals 2nd base
0-2: Ball
1-2: Foul Ball, location: 2F
1-2: Ball
2-2: SINGLE (Groundball, 34D, EV 104.4 MPH)
Jonathon Walton to third
Runner from 3rd tries for Home, SAFE, throw by RF to home
Batting: RHB Kian-tat Chen 0-0: Called Strike
Jeff Long steals 2nd base
0-1: Called Strike
0-2: Ball
1-2: Foul Ball, location: 2F
1-2: Ground out 6-3 (Groundball, 6M, EV 83.1 MPH)
Jeff Long to third
Batting: RHB Brandon Davis 0-0: SINGLE (Groundball, 6MD, EV 96.9 MPH) (infield hit)
Jeff Long scores
Batting: RHB Juan Rosa 0-0: Ball
1-0: Called Strike
1-1: Foul Ball, location: 2F
1-2: Strikes out looking
Top of the 2nd over - 2 runs, 3 hits, 0 errors, 1 left on base; Salt Lake 2 - Durham 0
BOTTOM OF THE 2ND
Durham Bulls batting - Pitching for Salt Lake Bees : RHP Jared Pollard
Batting: LHB Jake Rheaume 0-0: Called Strike
0-1: Ground out 5-3 (Groundball, 56, EV 105.6 MPH)
Batting: RHB Sesto Carpini 0-0: Swinging Strike
0-1: Ball
1-1: SOLO HOME RUN (Flyball, 9D, EV 94.4 MPH), Distance : 363 ft
Batting: RHB Jose Arriola 0-0: Swinging Strike
0-1: Called Strike
0-2: Ball
1-2: Ground out 5-3 (Groundball, 56, EV 102.5 MPH)
Batting: RHB Kevin Benfield 0-0: Foul Ball, location: 2F
0-1: Ball
1-1: Ball
2-1: Called Strike
2-2: Foul Ball, location: 2F
2-2: Ground out 6-3 (Groundball, 6, EV 103.1 MPH)
Bottom of the 2nd over - 1 run, 1 hit, 0 errors, 0 left on base; Salt Lake 2 - Durham 1
TOP OF THE 3RD
Salt Lake Bees batting - Pitching for Durham Bulls : RHP Dave Navarro
Batting: LHB Justin Alexander 0-0: Bunt missed!
0-1: Called Strike
0-2: Ball
1-2: Ball
2-2: Foul Ball, location: 2F
2-2: Foul Ball, location: 2F
2-2: Ball
3-2: Fly out, F8 (Flyball, 89D, EV 99.4 MPH)
Batting: SHB Butch Brown 0-0: Called Strike
0-1: Ball
1-1: Ball
2-1: Ball
3-1: SINGLE (Groundball, 4MD, EV 97.5 MPH)
Batting: RHB Ryan Munro 0-0: Called Strike
0-1: 2-RUN HOME RUN (Flyball, 7LD, EV 89.4 MPH), Distance : 330 ft
Batting: LHB Jonathon Walton 0-0: Ball
1-0: Ball
2-0: Called Strike
2-1: Ball
3-1: Foul Ball, location: 2F
3-2: Foul Ball, location: 2F
3-2: Base on Balls
Batting: LHB Brett Bugge 0-0: Ball
1-0: Called Strike
1-1: Fielders Choice at 2nd, 4-6 (Groundball, 4M, EV 106.2 MPH)
Batting: RHB Jeff Long 0-0: Ball
1-0: Swinging Strike
1-1: Called Strike
1-2: Strikes out swinging
Top of the 3rd over - 2 runs, 2 hits, 0 errors, 1 left on base; Salt Lake 4 - Durham 1
BOTTOM OF THE 3RD
Durham Bulls batting - Pitching for Salt Lake Bees : RHP Jared Pollard
Batting: RHB Freddy Mullen 0-0: SINGLE (Groundball, 56D, EV 101.2 MPH)
Batting: RHB Jonathan Fraire 0-0: Foul Ball, location: 2F
0-1: Ball
1-1: Foul Ball, location: 2F
1-2: Foul Ball, location: 2F
1-2: Foul Ball, location: 2F
1-2: Foul Ball, location: 2F
1-2: Foul Ball, location: 2F
1-2: Ball
2-2: Ball
3-2: Foul Ball, location: 2F
3-2: Foul Ball, location: 2F
3-2: DOUBLE (Flyball, 8LXD, EV 94.4 MPH)
Freddy Mullen to third
Batting: SHB Joey Pacheco 0-0: Called Strike
0-1: Ball
1-1: Ball
2-1: Foul Ball, location: 2F
2-2: Ball
3-2: Foul Ball, location: 2F
3-2: SINGLE (Groundball, 34S, EV 73.1 MPH) (infield hit)
Batting: LHB Davion Lewis 0-0: Ball
1-0: Ball
2-0: Called Strike
2-1: Ball
3-1: Foul Ball, location: 2F
3-2: Fly out, F7 (Flyball, 7, EV 83.8 MPH)
Batting: RHB David Ward 0-0: Ball
1-0: Ball
2-0: SINGLE (Line Drive, 78M, EV 106.9 MPH)
Freddy Mullen scores
Jonathan Fraire to third
Joey Pacheco to second
Runner from 3rd tries for Home, SAFE, throw by CF to home
Batting: LHB Jake Rheaume 0-0: Foul Ball, location: 2F
0-1: Ball
1-1: Foul Ball, location: 2F
1-2: Ball
2-2: Ball
3-2: Strikes out swinging
Batting: RHB Sesto Carpini 0-0: Ball
1-0: Ball
2-0: Foul Ball, location: 2F
2-1: Fly out, F2 (Popup, 23F, EV 80.6 MPH)
Bottom of the 3rd over - 2 runs, 4 hits, 0 errors, 2 left on base; Salt Lake 4 - Durham 3
TOP OF THE 4TH
Salt Lake Bees batting - Pitching for Durham Bulls : RHP Dave Navarro
Batting: RHB Kian-tat Chen 0-0: Called Strike
0-1: Called Strike
0-2: Ground out U3 (Groundball, 34S, EV 83.8 MPH)
Batting: RHB Brandon Davis 0-0: Called Strike
0-1: SINGLE (Line Drive, 5D, EV 95.0 MPH)
Batting: RHB Juan Rosa 0-0: Called Strike
Brandon Davis is caught stealing 2nd base 2-4
0-1: Swinging Strike
0-2: Ball
1-2: Strikes out swinging
Top of the 4th over - 0 runs, 1 hit, 0 errors, 0 left on base; Salt Lake 4 - Durham 3
BOTTOM OF THE 4TH
Durham Bulls batting - Pitching for Salt Lake Bees : RHP Jared Pollard
Batting: RHB Jose Arriola 0-0: Called Strike
0-1: Ball
1-1: Swinging Strike
1-2: Ball
2-2: Foul Ball, location: 2F
2-2: Ball
3-2: Fly out, F8 (Flyball, 8RXD, EV 102.5 MPH)
Batting: RHB Kevin Benfield 0-0: Ball
1-0: Called Strike
1-1: Swinging Strike
1-2: Ball
2-2: Ball
3-2: Fly out, F7 (Flyball, 7, EV 83.8 MPH)
Batting: RHB Freddy Mullen 0-0: Called Strike
0-1: Ball
1-1: Foul Ball, location: 2F
1-2: SINGLE (Groundball, 6, EV 95.0 MPH)
Batting: RHB Jonathan Fraire 0-0: Fly out, F7 (Flyball, 7LD, EV 106.2 MPH)
Bottom of the 4th over - 0 runs, 1 hit, 0 errors, 1 left on base; Salt Lake 4 - Durham 3
TOP OF THE 5TH
Salt Lake Bees batting - Pitching for Durham Bulls : RHP Dave Navarro
Batting: LHB Justin Alexander 0-0: Called Strike
0-1: Ball
1-1: Ball
2-1: Ground out 4-3 (Groundball, 34, EV 84.4 MPH)
Batting: SHB Butch Brown 0-0: Ball
1-0: Called Strike
1-1: Swinging Strike
1-2: Foul Ball, location: 2F
1-2: Foul Ball, location: 2F
1-2: Ball
2-2: Strikes out swinging
Batting: RHB Ryan Munro 0-0: Foul Ball, location: 2F
0-1: Called Strike
0-2: Foul Ball, location: 2F
0-2: Foul Ball, location: 2F
0-2: Strikes out swinging
Top of the 5th over - 0 runs, 0 hits, 0 errors, 0 left on base; Salt Lake 4 - Durham 3
BOTTOM OF THE 5TH
Durham Bulls batting - Pitching for Salt Lake Bees : RHP Jared Pollard
Batting: SHB Joey Pacheco 0-0: Ball
1-0: Ball
2-0: Foul Ball, location: 2F
2-1: Ball
3-1: Foul Ball, location: 2F
3-2: Base on Balls
Batting: LHB Davion Lewis 0-0: Fielders Choice at 2nd, 5-4 (Groundball, 5, EV 87.5 MPH)
Batting: RHB David Ward 0-0: SINGLE (Groundball, 6M, EV 100.0 MPH)
Davion Lewis to second
Runner from 2nd tries for 3rd, OUT! 8-5
Batting: LHB Jake Rheaume 0-0: Ball
1-0: 2-RUN HOME RUN (Flyball, 9D, EV 98.8 MPH), Distance : 379 ft
Pitching: RHP Eric Cunningham
Batting: RHB Sesto Carpini 0-0: Ball
1-0: Fly out, F8 (Flyball, 8RD, EV 85.0 MPH)
Bottom of the 5th over - 2 runs, 2 hits, 0 errors, 0 left on base; Salt Lake 4 - Durham 5
TOP OF THE 6TH
Salt Lake Bees batting - Pitching for Durham Bulls : RHP Dave Navarro
Batting: LHB Jonathon Walton 0-0: Ball
1-0: Swinging Strike
1-1: Ball
2-1: Called Strike
2-2: Ball
3-2: Foul Ball, location: 2F
3-2: Base on Balls
Batting: LHB Brett Bugge 0-0: Ball
1-0: SINGLE (Line Drive, 6D, EV 99.4 MPH)
Jonathon Walton to second
Batting: RHB Jeff Long 0-0: Ball
1-0: Foul Ball, location: 2F
1-1: Ball
2-1: Fly out, F7 (Flyball, 7D, EV 90.6 MPH)
Runner from 2nd tags up, SAFE at 3rd, no throw by LF
Batting: RHB Kian-tat Chen 0-0: Foul Ball, location: 2F
0-1: Foul Ball, location: 2F
0-2: SINGLE (Groundball, 34D, EV 98.8 MPH)
Jonathon Walton scores
Brett Bugge to second
Pitching: LHP Tris Ross
Batting: RHB Brandon Davis 0-0: Called Strike
0-1: Swinging Strike
0-2: Foul Ball, location: 2F
0-2: Foul Ball, location: 2F
0-2: Ball
1-2: Foul Ball, location: 2F
1-2: Ball
2-2: Strikes out looking
Batting: RHB Juan Rosa 0-0: Called Strike
0-1: Ball
1-1: Called Strike
1-2: Strikes out swinging
Top of the 6th over - 1 run, 2 hits, 0 errors, 2 left on base; Salt Lake 5 - Durham 5
BOTTOM OF THE 6TH
Durham Bulls batting - Pitching for Salt Lake Bees : RHP Eric Cunningham
Batting: RHB Jose Arriola 0-0: Ball
1-0: Ground out 4-3 (Groundball, 4, EV 110.0 MPH)
Batting: RHB Kevin Benfield 0-0: SINGLE (Groundball, 3D, EV 101.9 MPH)
Batting: RHB Freddy Mullen 0-0: Ball
1-0: Foul Ball, location: 2F
1-1: Ball
2-1: Ball
3-1: Base on Balls
Kevin Benfield to second
Pinch Runner at 2nd Danny Diaz:
Batting: RHB Jonathan Fraire 0-0: Ball
1-0: Ball
2-0: SINGLE (Flyball, 8RS, EV 94.4 MPH)
Danny Diaz to third
Freddy Mullen to second
Batting: SHB Joey Pacheco 0-0: Ball
1-0: Foul Ball, location: 2F
1-1: Ball
2-1: Ball
3-1: Called Strike
3-2: Foul Ball, location: 2F
3-2: Foul Ball, location: 2F
3-2: Foul Ball, location: 2F
3-2: Fly out, F9 (Flyball, 89S, EV 88.1 MPH)
Batting: LHB Davion Lewis 0-0: Foul Ball, location: 2F
0-1: Ball
1-1: Swinging Strike
1-2: Strikes out swinging
Bottom of the 6th over - 0 runs, 2 hits, 0 errors, 3 left on base; Salt Lake 5 - Durham 5
TOP OF THE 7TH
Salt Lake Bees batting - Pitching for Durham Bulls : LHP Tris Ross
Now at 2B: Joey Pacheco
Now at 3B: Danny Diaz
Batting: LHB Justin Alexander 0-0: Called Strike
0-1: Foul Ball, location: 2F
0-2: Ball
1-2: Ball
2-2: Strikes out looking
Batting: SHB Butch Brown 0-0: Foul Ball, location: 2F
0-1: Ball
1-1: Foul Ball, location: 2F
1-2: Foul Ball, location: 2F
1-2: Foul Ball, location: 2F
1-2: Ball
2-2: Ball
3-2: Ground out U3 (Groundball, 3, EV 86.2 MPH)
Batting: RHB Ryan Munro 0-0: Called Strike
0-1: Ball
1-1: Swinging Strike
1-2: Fly out, F7 (Line Drive, 7, EV 85.6 MPH)
Top of the 7th over - 0 runs, 0 hits, 0 errors, 0 left on base; Salt Lake 5 - Durham 5
BOTTOM OF THE 7TH
Durham Bulls batting - Pitching for Salt Lake Bees : RHP Eric Cunningham
Pitching: RHP Joe Beam
Batting: RHB David Ward 0-0: Called Strike
0-1: Ball
1-1: Ball
2-1: Fly out, F8 (Line Drive, 8RM, EV 103.8 MPH)
Batting: LHB Jake Rheaume 0-0: Ball
1-0: Foul Ball, location: 2F
1-1: SINGLE (Groundball, 34D, EV 100.0 MPH)
Batting: RHB Sesto Carpini 0-0: Called Strike
0-1: Foul Ball, location: 2F
0-2: Ball
1-2: Ground out 5-3 (Groundball, 56S, EV 61.9 MPH)
Jake Rheaume to second
Batting: RHB Jose Arriola 0-0: Swinging Strike
0-1: Ball
1-1: Ball
2-1: Foul Ball, location: 2F
2-2: TRIPLE (Flyball, 9D, EV 89.4 MPH)
Jake Rheaume scores
Batting: RHB Danny Diaz 0-0: Called Strike
0-1: Ball
1-1: SINGLE (Groundball, 6MS, EV 60.6 MPH) (infield hit)
Jose Arriola scores
Batting: RHB Freddy Mullen 0-0: Ball
Danny Diaz steals 2nd base
1-0: Fly out, F7 (Line Drive, 7S, EV 97.5 MPH)
Bottom of the 7th over - 2 runs, 3 hits, 0 errors, 1 left on base; Salt Lake 5 - Durham 7
TOP OF THE 8TH
Salt Lake Bees batting - Pitching for Durham Bulls : LHP Tris Ross
Pitching: RHP Alec Murphy
Batting: LHB Jonathon Walton 0-0: Ball
1-0: Swinging Strike
1-1: Called Strike
1-2: Strikes out swinging
Batting: LHB Brett Bugge 0-0: Ball
1-0: Swinging Strike
1-1: Ground out 5-3 (Groundball, 5, EV 78.8 MPH)
Batting: RHB Jeff Long 0-0: Fly out, F7 (Flyball, 7S, EV 84.4 MPH)
Top of the 8th over - 0 runs, 0 hits, 0 errors, 0 left on base; Salt Lake 5 - Durham 7
BOTTOM OF THE 8TH
Durham Bulls batting - Pitching for Salt Lake Bees : RHP Joe Beam
Pitching: RHP Harry Christopher
Batting: RHB Jonathan Fraire 0-0: Ball
1-0: Foul Ball, location: 2F
1-1: Ball
2-1: Swinging Strike
2-2: SINGLE (Groundball, 6, EV 94.4 MPH)
Batting: SHB Joey Pacheco 0-0: Sac Bunt to 23 - play at first, batter OUT! 3-4
Jonathan Fraire to second
Batting: LHB Davion Lewis 0-0: Ball
1-0: Foul Ball, location: 2F
1-1: Ball
2-1: Ball
3-1: Foul Ball, location: 2F
3-2: Base on Balls
Batting: RHB David Ward 0-0: Ball
Jonathan Fraire steals 3rd base (no throw)
Davion Lewis to second
1-0: Called Strike
1-1: Ball
2-1: Called Strike
2-2: Ball
3-2: Base on Balls
Batting: LHB Jake Rheaume 0-0: Ball
Wild Pitch!
Jonathan Fraire scores
Davion Lewis to third
David Ward to second
1-0: Called Strike
1-1: Ball
2-1: Called Strike
2-2: Strikes out swinging
Batting: RHB Sesto Carpini 0-0: Foul Ball, location: 2F
0-1: Ground out U3 (Groundball, 13, EV 85.6 MPH)
Bottom of the 8th over - 1 run, 1 hit, 0 errors, 2 left on base; Salt Lake 5 - Durham 8
TOP OF THE 9TH
Salt Lake Bees batting - Pitching for Durham Bulls : RHP Alec Murphy
Pitching: RHP Cody Wilharm
Batting: RHB Kian-tat Chen 0-0: Swinging Strike
0-1: Ball
1-1: Swinging Strike
1-2: Ball
2-2: Ball
3-2: Strikes out swinging
Batting: RHB Brandon Davis 0-0: SINGLE (Line Drive, 7LS, EV 102.5 MPH)
Batting: RHB Juan Rosa 0-0: Ball
1-0: Foul Ball, location: 2F
1-1: Foul Ball, location: 2F
1-2: Ball
2-2: Ball
3-2: Foul Ball, location: 2F
3-2: Ground out 6-3 (Groundball, 6, EV 90.6 MPH)
Brandon Davis to second
Batting: LHB Justin Alexander 0-0: Ball
1-0: SINGLE (Groundball, 34S, EV 71.2 MPH) (infield hit)
Brandon Davis to third
Batting: SHB Butch Brown 0-0: Called Strike
0-1: Called Strike
0-2: Ball
Wild Pitch!
Brandon Davis scores
Justin Alexander to second
1-2: Ball
2-2: Ball
3-2: Foul Ball, location: 2F
3-2: Ground out 6-3 (Groundball, 6, EV 88.8 MPH)
Top of the 9th over - 1 run, 2 hits, 0 errors, 1 left on base; Salt Lake 6 - Durham 8
Tuesday, March 28th , 2023 - OOTP Baseball 23.10 Build 110